 Dungeon Crawl Stone Soup version 0.29.0-4-gdea44cf6ec (webtiles) character file.

Game seed: 6393042694738887618

23 qw the Chopper (level 2, -1/17 HPs)
             Began as a Tengu Warper on Aug 28, 2022.
             Slain by Sigmund
             ... wielding a +3 vampiric scythe
              (4 damage)
             ... on level 2 of the Dungeon.
             The game lasted 00:00:05 (949 turns).

qw the Chopper (Tengu Warper)                        Turns: 949, Time: 00:00:06

Health: -1/17      AC: 11    Str: 11    XL:     2   Next: 95%
Magic:  6/6        EV:  5    Int: 13    God:
Gold:   129        SH:  0    Dex: 13    Spells: 5/5 levels left

rFire   . . .      SeeInvis .   Y - +0 hand axe
rCold   . . .      Faith    .   (no shield)
rNeg    . . .      Spirit   .   e - +3 chain mail
rPois   .          Reflect  .   (helmet restricted)
rElec   .          Harm     .   (no cloak)
rCorr   .          Rampage  .   (no gloves)
Will    .....                   (boots unavailable)
Stlth   ..........              g - amulet of the acrobat
HPRegen 0.05/turn               (no ring)
MPRegen 0.10/turn               (no ring)

@: no status effects
A: beak, talons 3
a: no special abilities


You were on level 2 of the Dungeon.
You visited 1 branch of the dungeon, and saw 2 of its levels.

You collected 129 gold pieces.


Innate Abilities, Weirdness & Mutations

You have a beak for a mouth.
You have claws for feet.


   Skills:
 - Level 2.0 Fighting
 + Level 3.7 Axes
 - Level 1.0 Throwing
 - Level 1.1 Armour
 - Level 2.1 Dodging
 - Level 2.0 Spellcasting
 - Level 2.4 Translocations


You had 5 spell levels left.
You didn't know any spells.
Your spell library contained the following spells:

 Spells                   Type           Power      Damage    Failure   Level
 Blink                    Tloc           14%        N/A       100%        2
 Gell's Gravitas          Tloc           7%         N/A       100%        3
 Lesser Beckoning         Tloc           7%         N/A       100%        3
 Teleport Other           Tloc           7%         N/A       100%        3
 Manifold Assault         Tloc           7%         N/A       100%        5

Inventory:

Hand Weapons
 a - a +0 club
 Y - a +0 hand axe (weapon)
Armour
 e - a +3 chain mail (worn)
Jewellery
 g - an amulet of the acrobat (around neck)
Scrolls
 h - a scroll of identify
Potions
 f - a potion of berserk rage {unknown}

Dungeon Overview and Level Annotations

Branches:
Dungeon (2/15)

Altars:

Annotations:
D:2 Sigmund


Message History

The adder poisons you!
You closely miss the adder.
The adder is heavily wounded.
You feel sick. The adder bites you but does no damage.
Sigmund closely misses you.
You hit the adder but do no damage.
The adder is heavily wounded.
You feel sick. The adder bites you. The adder bites you but does no damage.
Sigmund casts a spell at you. You resist with significant effort.
You closely miss the adder. Your kick misses the adder.
The adder is moderately wounded.
You feel sick.
You are no longer poisoned.
The adder barely misses you. Sigmund barely misses you.
You miss the adder.
The adder is moderately wounded.
The adder bites you but does no damage. x2
You completely miss the adder. You claw the adder.
The adder is severely wounded.
Sigmund hits you from afar with a +3 vampiric scythe.
The adder bites you but does no damage.
You hit the adder but do no damage. Your kick misses the adder.
The adder is severely wounded.
You miss the frilled lizard. The adder bites you but does no damage.
The frilled lizard barely misses you.
Sigmund hits you from afar with a +3 vampiric scythe.
The adder bites you but does no damage. The frilled lizard bites you.
You miss the adder. Your kick misses the adder.
The adder is severely wounded.
You hit the frilled lizard.
You kill the frilled lizard!
The adder bites you but does no damage. Sigmund hits you but does no damage.
You hit the adder. You claw the adder. Your peck misses the adder.
The adder is almost dead.
The adder barely misses you. The adder bites you but does no damage.
You closely miss the adder. You claw the adder.
The adder is almost dead.
Sigmund hits you from afar with a +3 vampiric scythe.
You die...

... ..# #.. #.#
#.####.# ...#
#######...##.#....#
....... #..#.#....#
....... #....#....#
....... #(#..##...#
......S##.##..#...#
......%@..###.#...#
.......#### #.....#
....)@. ##..###
....... ##.## ##
....... #..# ..
####### ##.#.##.##
#.........
#.#..#.##.
####.##.#


You could see Sigmund and an adder.

Vanquished Creatures
  2 ball pythons (D:1)
  2 endoplasms (D:1)
  2 giant cockroaches (D:1)
  A goblin (D:1)
  A hobgoblin (D:1)
  2 jackals (D:2)
  A quokka (D:1)
  2 bats
  5 frilled lizards
  2 kobolds
  3 rats
23 creatures vanquished.

Notes
Turn   | Place    | Note
-------+----------+-------------------------------------------
     0 | D:1      | qw the Tengu Warper began the quest for the Orb.
     0 | D:1      | Reached XP level 1. HP: 12/12 MP: 4/4
     0 | D:1      | 0 ||| qw: Version: 0.1-a-89-g26bdef1
     0 | D:1      | 0 ||| qw: Game counter: 1054
     0 | D:1      | 0 ||| qw: Always use a shield: true
     0 | D:1      | 0 ||| qw: God list: Okawaru
     0 | D:1      | 0 ||| qw: Allow faded altars: false
     0 | D:1      | 0 ||| qw: Do Orc after D:15 true
     0 | D:1      | 0 ||| qw: Do second Lair branch before Depths: true
     0 | D:1      | 0 ||| qw: Lair rune preference: random
     0 | D:1      | 0 ||| qw: Plans: Normal
     0 | D:1      | 0 ||| PLANNING D:1-11
   116 | D:1      | 116 ||| Stepping ~*~*~tactically~*~*~ (stealth).
   163 | D:1      | 163 ||| Stepping ~*~*~tactically~*~*~ (stealth).
   164 | D:1      | 164 ||| Stepping ~*~*~tactically~*~*~ (stealth).
   323 | D:1      | Reached XP level 2. HP: 15/17 MP: 6/6
   324 | D:1      | Reached skill level 3 in Axes
   791 | D:1      | 791 ||| UPGRADING to +3 chain mail.
   801 | D:1      | 801 ||| DROPPING +0 leather armour.
   802 | D:1      | 802 ||| UPGRADING to amulet of the acrobat.
   807 | D:1      | 807 ||| DROPPING amulet of magic regeneration.
   808 | D:1      | 808 ||| READING scroll labelled HITYEFA VAZXIA.
   809 | D:1      | 809 ||| READING 2 scrolls labelled GENLUEGHIL.
   810 | D:1      | 810 ||| READING scroll labelled TUCZEETHROI.
   811 | D:1      | 811 ||| DROPPING scroll of blinking.
   934 | D:2      | Noticed Sigmund
   946 | D:2      | HP: 4/17 [Sigmund/+3 vampiric scythe (4)]
   949 | D:2      | Slain by Sigmund

Levels and vault maps discovered:
D:1:      eino_arrival_cavern_e, layout_basic
D:2:      layout_basic, serial_shops, shop, uniq_jessica, uniq_sigmund

Skill      XL: |  1  2 |
---------------+-------+-----
Axes           | 3 |  3.7
Fighting       | |  2.0
Throwing       | |  1.0
Armour         | |  1.1
Dodging        | |  2.1
Spellcasting   | |  2.0
Translocations | |  2.4

Action                   || total
-------------------------++-------
Melee: Hand axe          ||    55
       Kick              ||    17
       Peck              ||     4
       Punch             ||     1
Throw: Boomerang         ||     7
  Use: Scroll            ||     3
Armor: Leather armour    ||     3
       Chain mail        ||    27
Dodge: Dodged            ||    27

Table legend:
 A = Non-vault XP
 B = Vault XP
 C = Vault XP percentage of total XP
 D = Non-vault monster count
 E = Vault monster count
 F = Vault count percentage of total count
                 A         B        C        D         E       F
            +---------+---------+-------+---------+---------+-------
      Total |      33 |       0 |   0.0 |      23 |       0 |   0.0
            +---------+---------+-------+---------+---------+-------
        D:1 |      24 |       0 |   0.0 |      16 |       0 |   0.0
        D:2 |       9 |       0 |   0.0 |       7 |       0 |   0.0
            +---------+---------+-------+---------+---------+-------
